 Dungeon Crawl Stone Soup version 0.26.1-11-gd32895ea62 (webtiles) character file.

Game seed: 8979908306059865018

3294 Descartes the Grappler (level 9, -5/89 HPs)
             Began as a Troll Chaos Knight on June 6, 2021.
             Was a Plaything of Xom.
             Slain by an eight-headed hydra (9 damage)
             ... on level 8 of the Dungeon.
             The game lasted 00:13:36 (5439 turns).

Descartes the Grappler (Troll Chaos Knight)         Turns: 5439, Time: 00:13:37

Health: -5/89      AC:  9    Str: 20 (22) XL:     9   Next: 69%
Magic:  0/8        EV: 12    Int:  5 (8)  God:    Xom [.*....]
Gold:   490        SH:  0    Dex: 10      Spells: 8/8 levels left

rFire    . . .     SeeInvis .     - Unarmed
rCold    + . .     Faith    .   (no shield)
rNeg     + . .     Spirit   +   a - +2 robe
rPois    .         Reflect  .   (helmet restricted)
rElec    .         Harm     .   p - +0 cloak
rCorr    .         Rampage  .   (gloves unavailable)
Will     .....                  (boots unavailable)
Stlth    +.........             x - amulet of guardian spirit
HPRegen  0.64/turn              g - ring of positive energy
MPRegen  0.11/turn              H - ring of protection from cold

@: confused, hasted, very quick
A: large, unfitting armour, claws 3, horns 1, clumsy 1, deterioration 2,
regeneration 1, shaggy fur 1, tough skin 3, MP-powered wands
a: Renounce Religion


You were on level 8 of the Dungeon.
You worshipped Xom.
You were a plaything of Xom.
You visited 1 branch of the dungeon, and saw 8 of its levels.

You collected 490 gold pieces.

Inventory:

Hand Weapons
 l - a +2 dagger of holy wrath
Missiles
 c - 317 stones (quivered)
 i - 2 throwing nets
 m - 5 atropa-tipped darts
 q - 5 boomerangs
 u - 33 poisoned darts
Armour
 a - a +2 robe (worn)
 p - a +0 cloak (worn)
Jewellery
 g - a ring of positive energy (left claw)
 x - an amulet of guardian spirit (around neck)
 H - a ring of protection from cold (right claw)
Wands
 k - a wand of digging (7)
 z - a wand of iceblast (9)
Scrolls
 b - a scroll of identify
 d - a scroll of fog {unknown}
 e - a scroll of amnesia {unknown}
 h - 9 scrolls of teleportation
 n - 6 scrolls of fear
 o - 2 scrolls of remove curse {unknown}
 r - 5 scrolls of magic mapping {unknown}
 t - a scroll of enchant armour {unknown}
 w - a scroll of enchant weapon {unknown}
 F - a scroll of noise {unknown}
 G - 2 scrolls of holy word {unknown}
Potions
 f - a potion of heal wounds
 j - 2 potions of brilliance
 s - a potion of attraction
 v - 2 potions of curing
 A - a potion of haste
 B - 4 potions of flight
Miscellaneous
 y - a phantom mirror


   Skills:
 + Level 6.2 Fighting
 + Level 6.0 Dodging
 * Level 10.2 Unarmed Combat


You had 8 spell levels left.
You didn't know any spells.
Your spell library contained the following spells:

 Spells                   Type           Power        Failure   Level
 Sandblast                Erth           0%           47%         1
 Passwall                 Tmut/Erth      0%           63%         2
 Stone Arrow              Conj/Erth      0%           85%         3
 Petrify                  Tmut/Erth      0%           99%         4
 Lee's Rapid Deconstruct  Erth           0%           100%        5


Dungeon Overview and Level Annotations

Branches:
Dungeon (8/15)             Temple (0/1) D:4
   Lair: D:8-11

Altars:
Ashenzari
Kikubaaqudgha
Makhleb
Nemelex Xobeh
Sif Muna
Vehumet
Wu Jian
Yredelemnul


Innate Abilities, Weirdness & Mutations

You are too large for most types of armour.
You have claws for hands.
Your natural rate of healing is unusually fast.
You are covered in fur. (AC +1)
You have extremely tough skin. (AC +3)
You have a pair of small horns on your head.
You are clumsy. (Dex -2)
Your body often deteriorates upon taking damage.
You expend magic power (3 MP) to strengthen your wands.


Message History

The eight-headed hydra bites you but does no damage.
The eight-headed hydra bites you.
* * * LOW HITPOINT WARNING * * *
The eight-headed hydra bites you.
* * * LOW HITPOINT WARNING * * *
You are confused.
You feel invigorated.
You feel much better. The eight-headed hydra bites you!
Your body deteriorates!
You feel dopey. The eight-headed hydra bites you!
* * * LOW HITPOINT WARNING * * *
Your body deteriorates!
You feel weakened. The eight-headed hydra bites you!
* * * LOW HITPOINT WARNING * * *
The eight-headed hydra bites you.
* * * LOW HITPOINT WARNING * * *
The eight-headed hydra bites you but does no damage.
The eight-headed hydra bites you!
You die...
Xom snickers!

.# .# .# #.# ##
.?# #.. ..#.#
.##########...#
#>.$.$.D@#
#.$.$.$.)#
#$.=[:$$Z#
#.$?=:☼☼○#
#$.):.)☼.#
#.$([)○.$#
#$.$H$.$.#
#<$.$.$.>#
.##########.


You could see an eight-headed hydra, a manticore (confused, fleeing) and a
bullfrog zombie (confused).

Vanquished Creatures
  Joseph (D:7)
  A gargoyle (D:8)
  A jumping spider (shapeshifter) (D:8)
  Grinder (D:4)
  Sigmund (D:4)
  A warg (D:5)
  Menkaure (D:7)
  A soldier ant (D:8)
  2 water moccasins
  A sky beast (D:7)
  An ice beast (D:7)
  4 phantoms
  3 ogres
  2 bullfrogs (D:6)
  Blork the orc (D:4)
  A scorpion (D:5)
  4 wights (D:6)
  A howler monkey (D:7)
  2 hounds
  An orc wizard (D:8)
  A jelly (D:5)
  An orc priest (D:3)
  A gnoll shaman (D:5)
  A centaur skeleton (D:7)
  3 iguanas
  2 worker ants (D:5)
  The ghost of Gerhazo the Conjurer, a weakling DrCj (D:4)
  A worker ant zombie (D:7)
  5 gnolls (D:5)
  8 adders
  A shadow imp (D:6)
  A white imp (D:7)
  An ufetubus (D:5)
  2 oozes
  An adder zombie (D:6)
  An adder skeleton (D:6)
  3 worms
  6 leopard geckos
  7 orcs
  4 giant cockroaches
  11 goblins
  9 hobgoblins
  4 jackals (D:7)
  8 kobolds
  5 quokkas
  5 bats
  3 frilled lizards
  A giant cockroach zombie (D:6)
  8 rats
136 creatures vanquished.

Notes
Turn   | Place    | Note
-------+----------+-------------------------------------------
     0 | D:1      | Descartes the Troll Chaos Knight began the quest for the
                  | Orb.
     0 | D:1      | Reached XP level 1. HP: 22/22 MP: 0/0
   115 | D:1      | XOM: silly message
   291 | D:1      | Reached XP level 2. HP: 29/29 MP: 1/1
   308 | D:1      | XOM: silly message
   338 | D:1      | XOM: 1-stop teleportation journey
   358 | D:1      | XOM: summons 1 hostile shadow creature
   467 | D:1      | XOM: give mutation
   467 | D:1      | Gained mutation: Your body sometimes deteriorates upon
                  | taking damage. [Xom's mischief]
   499 | D:1      | XOM: give mutations
   499 | D:1      | Gained mutation: Scrolls take you a little longer to read.
                  | [Xom's mischief]
   499 | D:1      | Gained mutation: Your body often deteriorates upon taking
                  | damage. [Xom's mischief]
   696 | D:1      | XOM: give mutations
   696 | D:1      | Gained mutation: You are frail. (-10% HP) [Xom's mischief]
   696 | D:1      | Gained mutation: You are clumsy. (Dex -2) [Xom's mischief]
   780 | D:2      | Reached XP level 3. HP: 32/32 MP: 2/2
   821 | D:2      | XOM is BORED!
   821 | D:2      | XOM: summons 4 hostile shadow creatures
   824 | D:2      | XOM: smoke on damage
   885 | D:2      | XOM: give mutation
   885 | D:2      | Lost mutation: Scrolls take you a little longer to read.
                  | [Xom's mischief]
   899 | D:2      | XOM: 3-stop teleportation journey
   904 | D:2      | XOM: chaos cloud
   910 | D:2      | Paralysed by you for 3 turns
   911 | D:2      | XOM: silly message
   932 | D:2      | Reached skill level 4 in Unarmed Combat
  1005 | D:2      | Reached XP level 4. HP: 38/39 MP: 3/3
  1078 | D:2      | XOM: summons 2 hostile shadow creatures
  1145 | D:2      | You fall into a shaft and drop 1 floor!
  1184 | D:3      | Found a radiant altar of Vehumet.
  1185 | D:3      | Found an ancient bone altar of Kikubaaqudgha.
  1185 | D:3      | Found a burning altar of Makhleb.
  1197 | D:3      | Found a basalt altar of Yredelemnul.
  1200 | D:3      | Found a shimmering blue altar of Sif Muna.
  1346 | D:3      | XOM: summons 3 hostile shadow creatures
  1604 | D:3      | Reached XP level 5. HP: 23/47 MP: 4/4
  1633 | D:3      | XOM: summons 3 hostile demons
  2379 | D:4      | Found a staircase to the Ecumenical Temple.
  2385 | D:4      | Noticed an ogre
  2394 | D:4      | Killed an ogre
  2395 | D:4      | Reached skill level 5 in Unarmed Combat
  2399 | D:4      | XOM: 1-stop teleportation journey
  2460 | D:4      | Noticed Blork the orc
  2461 | D:4      | XOM: confusion
  2469 | D:4      | XOM: confusion
  2478 | D:4      | XOM: potion effect (might)
  2479 | D:4      | Killed Blork the orc
  2480 | D:4      | Reached XP level 6. HP: 37/54 MP: 3/5
  2539 | D:4      | Found a transporter.
  2581 | D:4      | Noticed Sigmund
  2581 | D:4      | Noticed Grinder
  2582 | D:4      | XOM: potion effect (invisibility)
  2596 | D:4      | XOM: potion effect (heal wounds)
  2607 | D:4      | Killed Grinder
  2608 | D:4      | Reached skill level 6 in Unarmed Combat
  2608 | D:4      | Reached XP level 7. HP: 55/63 MP: 4/6
  2620 | D:4      | Killed Sigmund
  2670 | D:4      | Noticed Gerhazo's ghost (weakling DrCj)
  2673 | D:4      | Found a transporter.
  2981 | D:4      | Found an ornate altar of the Wu Jian Council.
  3195 | D:4      | Killed Gerhazo's ghost
  3250 | D:5      | Entered Level 5 of the Dungeon
  3337 | D:5      | XOM: potion effect (haste)
  3352 | D:5      | Reached skill level 7 in Unarmed Combat
  3448 | D:5      | XOM: potion effect (invisibility)
  3470 | D:5      | Found a shimmering blue altar of Sif Muna.
  3483 | D:5      | XOM: silly message
  3564 | D:5      | Reached XP level 8. HP: 67/71 MP: 5/7
  3569 | D:5      | XOM: silly message
  3682 | D:5      | XOM: stat loss: -1 Int (7/8)
  3691 | D:5      | Found a sparkling altar of Nemelex Xobeh.
  3722 | D:5      | XOM: polymorph centaur -> warg
  3725 | D:5      | XOM: summons friendly crimson imp
  4033 | D:6      | XOM: enchant monster (good)
  4037 | D:6      | XOM: fog
  4041 | D:6      | Reached skill level 8 in Unarmed Combat
  4098 | D:6      | Found a broken altar of Ashenzari.
  4144 | D:6      | Reached skill level 5 in Fighting
  4164 | D:6      | XOM: noise
  4166 | D:6      | XOM: stat loss: -1 Str (16/21)
  4319 | D:6      | XOM: summons 1 hostile shadow creature
  4503 | D:7      | Reached skill level 5 in Dodging
  4708 | D:7      | Reached XP level 9. HP: 76/79 MP: 6/8
  4713 | D:7      | Reached skill level 9 in Unarmed Combat
  4780 | D:7      | XOM: give mutations
  4780 | D:7      | Gained mutation: You expend magic power (3 MP) to
                  | strengthen your wands. [Xom's mischief]
  4780 | D:7      | Gained mutation: You have a pair of small horns on your
                  | head. [Xom's mischief]
  4974 | D:7      | Noticed Joseph
  4988 | D:7      | XOM: blink monster(s)
  4992 | D:7      | Killed Joseph
  5244 | D:7      | Noticed Menkaure
  5245 | D:7      | XOM: stat loss: -1 Str (18/22)
  5251 | D:7      | Killed Menkaure
  5408 | D:8      | XOM: 1-stop teleportation journey
  5409 | D:8      | Noticed a six-headed hydra
  5409 | D:8      | Noticed a gargoyle
  5409 | D:8      | Noticed a jumping spider
  5409 | D:8      | Noticed a manticore
  5413 | D:8      | XOM: confuse monster(s)
  5415 | D:8      | XOM: smoke on damage
  5418 | D:8      | Killed a gargoyle
  5422 | D:8      | Reached skill level 10 in Unarmed Combat
  5423 | D:8      | XOM: confuse monster(s)
  5428 | D:8      | XOM: give mutation
  5428 | D:8      | Lost mutation: You are frail. (-10% HP) [Xom's mischief]
  5433 | D:8      | Killed a jumping spider
  5435 | D:8      | HP: 2/89 [eight-headed hydra (5)]
  5439 | D:8      | Slain by an eight-headed hydra

Illustrated notes

Levels and vault maps discovered:
D:1:      psy_arrival_basics, layout_basic, serial_curves, eino_curves_01,
          eino_curves_04, roderic_serpentine_path, minmay_circled_x
D:2:      layout_basic
D:3:      layout_loops_cross, minmay_overflow_temple_star_hex,
          minmay_goblin_kobold_house
D:4:      layout_gridville, pdpol_wu_jian_five_deadly_venoms,
          minmay_temple_entry_crystal_x, gammafunk_ghost_arena,
          uniq_blork_the_orc, uniq_sigmund, uniq_grinder
D:5:      layout_rooms, nemelex_xobeh_ov_fountains_minmay, basic_altar
D:6:      layout_rooms, tgw_xom, nicolae_ashenzari_panopticon
D:7:      layout_basic, uniq_joseph, uniq_menkaure
D:8:      layout_basic, serial_glass, glass_columns_c, glass_columns_a,
          item_on_display_a, minmay_strange_pillars, due_unseen_surprise,
          minmay_strange_pillars, biasface_ghost_orc_armoury, minivault_12

Skill      XL: |  1  2  3  4  5  6  7  8  9 |
---------------+----------------------------+-----
Dodging        | 2 3 4 5 6 |  6.0
Unarmed Combat | 4 5 6 7 8 10 | 10.2
Fighting       | 3 4 5 6 |  6.2

Action                   |  1- 3 |  4- 6 |  7- 9 || total
-------------------------+-------+-------+-------++-------
Melee: Unarmed           |   120 |   150 |   265 ||   535
       Punch             |     2 |     2 |     6 ||    10
       Headbutt          |       |       |     9 ||     9
  Use: Scroll            |     2 |     2 |     7 ||    11
       Potion            |     1 |       |     5 ||     6
 Stab: Paralysed         |     3 |       |       ||     3
       Invisible         |       |       |     1 ||     1
       Confused          |       |       |     1 ||     1
Armor: Robe              |    84 |    89 |    79 ||   252
Dodge: Dodged            |    74 |    84 |   140 ||   298
